 Dungeon Crawl Stone Soup version 0.23.0 (webtiles) character file.

Game seed: 6626871835227287804

11551 LostNumber the Envoy of Void (level 11, -11/89 HPs)
             Began as a Demonspawn Abyssal Knight on Feb 10, 2019.
             Was a High Priest of Lugonu.
             Mangled by a spiny frog (18 damage)
             ... on level 1 of the Lair of Beasts.
             The game lasted 00:24:26 (14178 turns).

LostNumber the Envoy of Void (DsAK)                Turns: 14178, Time: 00:24:26

Health: -11/89     AC: 10    Str: 22    XL:     11   Next: 50%
Magic:  0/19       EV: 11    Int: 13    God:    Lugonu [*****.]
Gold:   637        SH:  7    Dex: 12    Spells: 4/10 levels left

rFire    . . .     SeeInvis .   Q - +10 rapier "Olehogy" {flame, rElec rPois rC-}
rCold    . . .     Gourm    .   P - +2 buckler
rNeg     . . .     Faith    .   w - +2 scale mail {MR+}
rPois    +         Spirit   +   L - +0 helmet
rElec    +         Reflect  .   (no cloak)
rCorr    .         Harm     .   j - +0 pair of gloves
MR       +....                  (no boots)
Stlth    +.........             J - amulet of magic regeneration
HPRegen  0.24/turn              o - ring of protection from cold
MPRegen  0.57/turn              K - +5 ring of strength

@: lethally poisoned (-11 -> -25)
A: talons 2, powered by death 1, magic shield, magic regeneration, sturdy frame
2
a: Depart the Abyss, Bend Space, Banish, Corrupt, Enter the Abyss, Renounce
Religion


You were on level 1 of the Lair of Beasts.
You worshipped Lugonu.
Lugonu was extremely pleased with you.
You were not hungry.

You visited 2 branches of the dungeon, and saw 11 of its levels.
You visited the Abyss 1 time.
You also visited: Sewer.

You collected 637 gold pieces.

Inventory:

Hand Weapons
 a - a +2 hand axe
 r - a +4 dagger
   (You took it off an orc wizard on level 3 of the Dungeon)
 u - a +0 hand axe of distortion
   (You found it on level 5 of the Dungeon)
 C - a +3 war axe
   (You took it off a wight on level 7 of the Dungeon)
 O - a cursed +3 war axe
   (You took it off a wight on level 10 of the Dungeon)
 Q - the +10 rapier "Olehogy" (weapon) {flame, rElec rPois rC-}
   (You found it on level 10 of the Dungeon)

   It has been specially enchanted to burn those struck by it, causing extra
   injury to most foes and up to half again as much damage against particularly
   susceptible opponents.
   It makes you vulnerable to cold.
   It insulates you from electricity.
   It protects you from poison.
Missiles
 l - a throwing net (quivered) {!f}
Armour
 b - a +0 leather armour
 j - a +0 pair of gloves (worn)
   (You found it on level 1 of the Dungeon)
 w - a +2 scale mail of magic resistance (worn)
   (You took it off an orc on level 2 of the Dungeon)
 x - a +0 plate armour
   (You found it on level 8 of the Dungeon)
 E - a +0 chain mail
   (You found it on level 8 of the Dungeon)
 L - a +0 helmet (worn)
   (You found it on level 9 of the Dungeon)
 P - a +2 buckler (worn)
   (You found it on level 10 of the Dungeon)
Jewellery
 o - a ring of protection from cold (left hand)
   (You found it on level 1 of the Dungeon)
 B - a +4 ring of intelligence
   (You found it on level 7 of the Dungeon)
 H - an uncursed ring of protection from cold
   (You found it on level 9 of the Dungeon)
 J - an amulet of magic regeneration (around neck)
   (You found it on level 9 of the Dungeon)
 K - a +5 ring of strength (right hand)
   (You found it on level 9 of the Dungeon)
Wands
 c - a wand of disintegration (16)
   (You found it on level 10 of the Dungeon)
 t - a wand of flame (27)
   (You took it off a crimson imp on level 8 of the Dungeon)
 A - a wand of clouds (6)
   (You found it on level 8 of the Dungeon)
 M - a wand of scattershot (3)
   (You found it on level 1 of the Lair of Beasts)
Scrolls
 f - 7 scrolls of teleportation {@r4}
 m - a scroll of enchant weapon
 n - 2 scrolls of enchant armour
 s - 3 scrolls of fear
 v - 2 scrolls of magic mapping
 y - a scroll of blinking
 D - a scroll of noise {unknown}
 G - 2 scrolls of identify {@r1}
Potions
 d - 3 potions of haste {@q3}
 g - 3 potions of invisibility
 h - 5 potions of curing {@q1}
 i - a potion of might {unknown}
 k - 8 potions of flight
 p - 2 potions of resistance {unknown}
 q - 3 potions of lignification {!q}
 z - 5 potions of heal wounds {@q2}
 F - a potion of ambrosia {unknown}
 I - a potion of mutation {unknown}
 N - a potion of cancellation {unknown}
 R - 3 potions of brilliance
Comestibles
 e - 24 rations {!d}
 S - 3 chunks of flesh


   Skills:
 + Level 9.4 Fighting
 * Level 1.7 Short Blades
 + Level 11.1 Axes
 - Level 1.7 Armour
 - Level 0.8 Dodging
 - Level 4.0 Shields
 + Level 3.6 Summonings
 + Level 11.5 Invocations


You had 4 spell levels left.
You knew the following spells:

 Your Spells              Type           Power        Failure   Level  Hunger
x - Call Imp              Summ           #.......     16%         2    ###....
z - Summon Lightning Spi  Summ/Air       #.......     91%         4    #####..

Your spell library contained the following spells:

 Spells                   Type           Power        Failure   Level  Hunger
 Summon Small Mammal      Summ           #...         10%         1    ##.....
 Call Canine Familiar     Summ           #.......     30%         3    ####...
 Summon Guardian Golem    Hex/Summ       #.......     54%         3    ####...
 Summon Ice Beast         Ice/Summ       #.......     91%         4    #####..


Dungeon Overview and Level Annotations

Branches:
Dungeon (10/15)            Temple (0/1) D:6            Lair (1/6) D:9
    Orc: D:9-12

Altars:
Dithmenos
Elyvilon
Gozag
Nemelex Xobeh
Qazlal
Wu Jian

Shops:
D:6 *

Annotations:
D:3 1 runed translucent door, endorz's ghost, weakling MiBe
D:9 3 runed translucent doors
Abyss:1 Duvessa


Innate Abilities, Weirdness & Mutations

You have razor-sharp toenails.
You regenerate a little health from kills.
When hurt, damage is shared between your health and your magic reserves.
You regenerate magic rapidly.
Your movements are less encumbered by armour. (ER -4)


Message History

You butcher the elephant corpse.
S - 4 chunks of flesh
Things that are here:
a +0 shortbow; 15 arrows; an elephant skeleton
Things that are here:
a +0 shortbow; 15 arrows; an elephant skeleton Eating one of 4 chunks of flesh.
You eat one of the 4 chunks of flesh.
Found 34 gold pieces.
There is an open door here.
e - 24 rations {!d} (gained 1)
You now have 637 gold pieces (gained 34).
You see here a rapier.
There is an open door here.
You see here a dagger.
A spiny frog comes into view.
The spiny frog moves out of view.
The spiny frog is too close now for your liking.
A spiny frog is nearby!
A spiny frog is nearby!
A spiny frog is nearby!
You hit the spiny frog. You burn the spiny frog. You claw the spiny frog.
The spiny frog stings you.
You hit the spiny frog. You burn the spiny frog.
You claw the spiny frog, but do no damage.
The spiny frog stings you.
You are poisoned.
The spiny frog poisons you! The spiny frog stings you!
You are more poisoned.
The spiny frog poisons you!
You closely miss the spiny frog. Your kick misses the spiny frog.
You feel very sick. The spiny frog stings you.
You puncture the spiny frog! You burn the spiny frog.
You feel very sick. The spiny frog stings you!!
* * * LOW HITPOINT WARNING * * *
The spiny frog stings you!
* * * LOW HITPOINT WARNING * * *
You closely miss the spiny frog. You claw the spiny frog.
You feel very sick. The spiny frog stings you!!
* * * LOW HITPOINT WARNING * * *
You closely miss the spiny frog.
* * * LOW HITPOINT WARNING * * *
You feel sick. The spiny frog barely misses you.
You feel better. The spiny frog stings you!
* * * LOW HITPOINT WARNING * * *
You are lethally poisoned!
The spiny frog poisons you! The spiny frog stings you!!
You die...

### ### #.. #.####.#
##......# ###........
### ##....###### ..###
#.###..##.#.#...
.....P###.....######....
......F@.......#.#.#<.#.
.#...##.##.......>......
..# #.........##.......
...###.....##.....#.
####....#....##.#....
...##....##....P.
...##........#.##
.......##...#.##
#.#.#..##P.....♣.


You could see a spiny frog.

Vanquished Creatures
  An elephant (Lair:1)
  A spiny frog (D:9)
  A queen bee (D:9)
  A komodo dragon (Lair:1)
  7 hippogriffs
  A wraith (D:10)
  15 yaks
  A human (D:10)
  Eustachio (D:4)
  2 basilisks
  3 water moccasins
  2 orc warriors
  3 sky beasts
  An eye of draining (D:10)
  A necrophage (D:10)
  A phantom (D:5)
  7 centaurs
  An ogre (D:8)
  A big kobold (D:10)
  11 bullfrogs
  2 scorpions
  Dowan (D:5)
  A water moccasin skeleton (D:9)
  14 killer bees
  22 wights
  2 howler monkeys (D:6)
  6 crimson imps
  2 hounds
  2 bullfrog zombies
  A quasit (D:8)
  A jelly (D:7)
  A gnoll shaman (D:3)
  A centaur skeleton (D:7)
  9 orc wizards
  3 orc priests
  11 worker ants
  A killer bee zombie (D:9)
  A hound skeleton (D:5)
  A worker ant zombie (D:9)
  9 gnolls
  13 adders
  A river rat (D:3)
  3 shadow imps
  12 oozes
  2 adder skeletons
  5 worms
  2 dart slugs (D:1)
  14 leopard geckos
  38 orcs
  6 bats
  14 giant cockroaches
  7 goblins
  10 hobgoblins
  4 jackals (D:6)
  5 quokkas
  15 ball pythons
  12 frilled lizards
  A jackal skeleton (D:8)
  13 kobolds
  3 quokka skeletons
  13 rats
346 creatures vanquished.

Vanquished Creatures (others)
  An elephant (D:9)
  A gargoyle (D:9)
  A centaur (D:6)
  A scorpion (D:6)
  A killer bee (Lair:1)
  2 wights
  An adder (D:6)
  2 orcs
  A fungus (Lair:1)
11 creatures vanquished.

Grand Total: 357 creatures vanquished

Notes
Turn   | Place    | Note
-------+----------+-------------------------------------------
     0 | Abyss:1  | LostNumber the Demonspawn Abyssal Knight began the quest
                  | for the Orb.
     0 | Abyss:1  | Reached XP level 1. HP: 18/18 MP: 2/2
    33 | Abyss:1  | Found an ancient bone altar of Kikubaaqudgha.
    34 | Abyss:1  | Noticed an ancient zyme
    35 | D:1      | Escaped the Abyss
   112 | D:1      | Reached * piety under Lugonu
   145 | D:1      | Gained mutation: Your movements are slightly less
                  | encumbered by armour. (ER -2) [demonic ancestry]
   145 | D:1      | Reached XP level 2. HP: 21/24 MP: 4/4
   440 | D:1      | Gained mutation: You have sharp toenails. [demonic
                  | ancestry]
   440 | D:1      | Reached XP level 3. HP: 25/29 MP: 5/5
   894 | D:2      | Reached ** piety under Lugonu
  1364 | D:2      | Gained mutation: Your movements are less encumbered by
                  | armour. (ER -4) [demonic ancestry]
  1364 | D:2      | Reached XP level 4. HP: 29/35 MP: 6/6
  2129 | D:3      | Gained mutation: When hurt, damage is shared between your
                  | health and your magic reserves. [demonic ancestry]
  2129 | D:3      | Reached XP level 5. HP: 40/42 MP: 7/7
  2224 | D:3      | Found a glowing drain.
  2378 | Sewer    | Entered a sewer
  2471 | Sewer    | Reached *** piety under Lugonu
  2680 | Sewer    | Reached XP level 6. HP: 30/48 MP: 6/9
  2977 | Sewer    | Reached **** piety under Lugonu
  2994 | Sewer    | Reached skill level 5 in Invocations
  3091 | D:3      | Found a shadowy altar of Dithmenos.
  3263 | D:3      | Found a white marble altar of Elyvilon.
  3423 | D:3      | Found a runed translucent door.
  3425 | D:3      | Noticed endorz's ghost (weakling MiBe)
  3526 | D:4      | Reached skill level 5 in Axes
  3726 | D:4      | Found an ornate altar of the Wu Jian Council.
  4077 | D:4      | Noticed Eustachio
  4114 | D:4      | Reached XP level 7. HP: 47/55 MP: 7/10
  4487 | D:4      | Killed Eustachio
  4487 | D:4      | Reached skill level 5 in Fighting
  4857 | D:5      | Entered Level 5 of the Dungeon
  5140 | D:5      | Gained mutation: You regenerate a little health from kills.
                  | [demonic ancestry]
  5140 | D:5      | Reached XP level 8. HP: 49/63 MP: 8/12
  5220 | D:5      | Noticed Duvessa
  5568 | D:5      | Noticed Dowan
  5581 | D:5      | Killed Dowan
  5717 | D:5      | Banished Duvessa
  5743 | D:5      | Found a stormy altar of Qazlal.
  6057 | D:6      | Found a staircase to the Ecumenical Temple.
  6167 | D:6      | Found Woshri's General Store.
  6711 | D:6      | Gained mutation: You regenerate magic rapidly. [demonic
                  | ancestry]
  6711 | D:6      | Reached XP level 9. HP: 24/71 MP: 6/15
  7692 | D:7      | Found a stormy altar of Qazlal.
  7785 | D:7      | Found a sparkling altar of Nemelex Xobeh.
  9514 | D:9      | Gained mutation: You have razor-sharp toenails. [demonic
                  | ancestry]
  9514 | D:9      | Reached XP level 10. HP: 57/80 MP: 12/17
  9611 | D:9      | Reached skill level 10 in Invocations
  9889 | D:9      | Reached skill level 10 in Axes
  9894 | D:9      | Noticed a gargoyle
  9904 | D:9      | Banished a gargoyle
 10086 | D:9      | Found a staircase to the Lair.
 10086 | D:9      | Noticed an elephant
 10099 | D:9      | Banished an elephant
 10443 | D:9      | Learned a level 2 spell: Call Imp
 10448 | D:9      | Learned a level 4 spell: Summon Lightning Spire
 10522 | D:9      | Found a runed translucent gate.
 10522 | D:9      | Found a runed translucent gate.
 10522 | D:9      | Found a runed translucent gate.
 10522 | D:9      | Noticed a glowing orange brain
 10522 | D:9      | Noticed a purple ugly thing
 10523 | D:9      | Noticed a purple ugly thing
 10523 | D:9      | Noticed a white ugly thing
 10524 | D:9      | Noticed a brown ugly thing
 10650 | D:10     | Entered Level 10 of the Dungeon
 10771 | D:10     | Reached skill level 1 in Summonings
 10934 | D:10     | Found an opulent altar of Gozag.
 11182 | D:10     | Reached ***** piety under Lugonu
 11572 | D:10     | Got a scorched rapier
 11573 | D:10     | Identified the +10 rapier "Olehogy" {flame, rElec rPois
                  | rC-} (You found it on level 10 of the Dungeon)
 11681 | D:10     | Reached skill level 1 in Shields
 11866 | Lair:1   | Entered Level 1 of the Lair of Beasts
 12039 | D:9      | Reached XP level 11. HP: 56/89 MP: 19/19
 13033 | Lair:1   | Got a translucent hand crossbow
 13709 | Lair:1   | Reached skill level 1 in Short Blades
 14178 | Lair:1   | Mangled by a spiny frog

Skill      XL: |  1  2  3  4  5  6  7  8  9 10 11 |
---------------+----------------------------------+-----
Axes           | 2 3 4 5 6 7 9 10 11 | 11.1
Invocations    | 3 4 5 6 8 9 11 | 11.5
Fighting       | 4 5 6 7 9 |  9.4
Summonings     | 2 3 |  3.6
Shields        | 1 4 |  4.0
Short Blades   | 1 |  1.7
Armour         | |  1.7
Dodging        | |  0.8

Action                   |  1- 3 |  4- 6 |  7- 9 | 10-12 || total
-------------------------+-------+-------+-------+-------++-------
Melee: Hand axe          |   108 |   327 |   501 |       ||   936
       Kick              |    10 |    56 |   151 |   106 ||   323
       War axe           |       |       |   159 |   171 ||   330
       Rapier            |       |       |       |   188 ||   188
Invok: Depart the Abyss  |     1 |       |       |       ||     1
       Banish            |       |       |     2 |     4 ||     6
Evoke: Wand              |       |       |     1 |       ||     1
  Use: Potion            |       |     1 |       |     1 ||     2
       Scroll            |       |    16 |     3 |       ||    19
 Stab: Sleeping          |     1 |     1 |       |       ||     2
       Confused          |       |       |     1 |       ||     1
  Eat: Ration            |     1 |       |       |       ||     1
       Chunk             |       |     8 |    18 |    17 ||    43
Armor: Leather armour    |    27 |     6 |       |       ||    33
       Scale mail        |       |   174 |   272 |   200 ||   646
       Skin              |       |     3 |       |       ||     3
Dodge: Dodged            |    64 |   187 |   379 |   195 ||   825
Block: Buckler           |       |       |       |    84 ||    84
